 Dungeon Crawl Stone Soup version 0.20-a0-2-g2b0e13a (webtiles) character file.

5623 Leibowitz the Spear-Bearer (level 10, -1/83 HPs)
             Began as a Demigod Gladiator on Oct 28, 2016.
             Slain by a porcupine (10 damage)
             ... on level 7 of the Dungeon.
             The game lasted 00:34:58 (11101 turns).

Leibowitz the Spear-Bearer (Demigod Gladiator)     Turns: 11101, Time: 00:34:58

Health: -1/83      AC: 10    Str: 19 (20) XL:     10   Next: 22%
Magic:  16/16      EV: 21    Int:  7 (9)  God:
Gold:   350        SH:  0    Dex: 16 (22) Spells: 2 memorised, 10 levels left

rFire  . . .     SeeInvis .     a - +0 trident (freeze)
rCold  . . .     Gourm    .     M - +1 robe of Mump {rN+ Int-3 Dex+2}
rNeg   + . .     Faith    .     (no shield)
rPois  .         Spirit   .     c - +0 helmet
rElec  .         Reflect  .     (no cloak)
rCorr  .         Harm     .     (no gloves)
MR     +....                    K - +1 pair of boots {Fly}
Stlth  +++.......               n - amulet of rage
                                z - +4 ring of protection
                                Q - +5 ring of evasion

@: flying, very slightly contaminated
A: deterioration 1, high mp 1
a: Evoke Berserk Rage, Stop Flying


You were on level 7 of the Dungeon.
You were very hungry.

You visited 2 branches of the dungeon, and saw 10 of its levels.
You also visited: Ossuary.

You collected 581 gold pieces.
You spent 231 gold pieces at shops.

Inventory:

Hand Weapons
 a - a +0 trident of freezing (weapon)
Missiles
 d - a throwing net (quivered)
 y - 44 poisoned needles
Armour
 c - a +0 helmet (worn)
 B - a +1 pair of boots
 J - a +0 robe of magic resistance
 K - a +1 pair of boots of flying (worn)
 M - the +1 robe of Mump (worn) {rN+ Int-3 Dex+2}
   (You found it on level 6 of the Dungeon)

   It affects your intelligence (-3).
   It affects your dexterity (+2).
   It protects you from negative energy.
Jewellery
 n - an amulet of rage (around neck)
 q - an uncursed ring of wizardry
 z - a +4 ring of protection (right hand)
 E - an uncursed ring of fire
 Q - a +5 ring of evasion (left hand)
Wands
 k - a wand of flame (14/48)
 N - a wand of iceblast (0/15)
 P - a wand of polymorph (19/24)
Scrolls
 b - 8 scrolls of remove curse
 h - a scroll of magic mapping
 j - 7 scrolls of identify
 l - a scroll of blinking
 H - 2 scrolls of enchant armour
 L - 2 scrolls of fear
Potions
 e - 2 potions of agility
 g - a potion of magic
 o - 3 potions of lignification
 r - 3 potions of curing
 u - a potion of flight
 v - 3 potions of might
 A - 2 potions of cancellation
Books
 w - a book of Cantrips

   Spells                             Type                      Level
   a - Confusing Touch                Hexes                        1
   b - Animate Skeleton               Necromancy                   1
   c - Summon Small Mammal            Summoning                    1
   d - Apportation                    Translocation                1
 G - a book of Misfortune

   Spells                             Type                      Level
   a - Confusing Touch                Hexes                        1
   b - Confuse                        Hexes                        3
   c - Gell's Gravitas                Hexes/Translocation          3
   d - Petrify                        Transmutation/Earth          4
   e - Metabolic Englaciation         Hexes/Ice                    5
   f - Yara's Violent Unravelling     Hexes/Transmutation          5
 I - a book of Flames

   Spells                             Type                      Level
   a - Flame Tongue                   Conjuration/Fire             1
   b - Throw Flame                    Conjuration/Fire             2
   c - Conjure Flame                  Conjuration/Fire             3
   d - Inner Flame                    Hexes/Fire                   3
   e - Sticky Flame                   Conjuration/Fire             4
   f - Fireball                       Conjuration/Fire             5
Comestibles
 f - 5 bread rations
 i - 6 meat rations
 s - a beef jerky
 O - 9 fruits
 R - a royal jelly


   Skills:
 + Level 5.7 Fighting
 + Level 10.0 Polearms
 + Level 1.8 Throwing
 + Level 3.6 Armour
 + Level 6.2 Dodging
 + Level 4.8 Stealth
 + Level 0.6 Unarmed Combat
 + Level 1.9 Spellcasting
 + Level 2.5 Hexes
 + Level 0.5 Evocations


You had 10 spell levels left.
You knew the following spells:

 Your Spells              Type           Power        Failure   Level  Hunger
a - Corona                Hex            #......      14%         1    ##.....
b - Confusing Touch       Hex            #.....       14%         1    ##.....


Dungeon Overview and Level Annotations

Branches:
Dungeon (9/15)             Temple (0/1) D:6            Lair (1/6) D:8
    Orc: D:9-12

Shops:
D:6 [

Annotations:
D:8 Erica, Maurice


Innate Abilities, Weirdness & Mutations

You have an increased reservoir of magic. (+10% MP)
Your body sometimes deteriorates upon taking damage.


Message History

The porcupine bites you but does no damage.
There is a stone staircase leading up here.
The wolf misses you. The porcupine misses you. The wolf completely misses you.
You fly upwards.
There is a stone staircase leading down here.
You hit the wolf but do no damage.
The wolf is severely wounded.
You barely miss the wolf.
The wolf is severely wounded.
The wolf misses you. The porcupine closely misses you.
You hit the wolf. You freeze the wolf.
The wolf is almost dead.
You feel yourself slow down. The wolf barely misses you.
You miss the wolf.
The wolf is almost dead.
The wolf bites you!
* * * LOW HITPOINT WARNING * * *
The porcupine bites you!
You die...

#.# #.# #.#
#####.########################
...##.........##.............#
##.##########.........#.####.#
#.# ####.####...# #.# #.# #h#
##.#####.### ##.# #@#
#.........## .#.######### #r#
#######.#..(
.........)[#####.###########.#.##
....###..#.<.....................
##..##...#...###.##.####.###.#.##
.......#####.# #.##.####.###.###
##..#....#...# #........#....#
##..#.##.#.### ####..###.#####
....#.##...# ##.....#


You could see a wolf and a porcupine.

Vanquished Creatures
  Joseph (D:8)
  2 hippogriffs
  Grinder (D:5)
  Prince Ribbit (D:6)
  3 yaks (D:9)
  Menkaure (D:6)
  3 black bears
  An ice beast (D:6)
  3 sky beasts
  3 orc warriors
  A phantom (D:9)
  5 centaurs
  5 wolves (Lair:1)
  2 ogres (D:7)
  A big kobold (D:9)
  2 bullfrogs
  A scorpion (D:4)
  6 killer bees (D:5)
  5 wights (D:9)
  3 crimson imps
  A bullfrog zombie (D:6)
  A bullfrog skeleton (D:5)
  7 orc priests
  5 hounds
  A jelly (D:5)
  4 orc wizards
  3 centaur skeletons
  5 worker ants
  An iguana (D:5)
  8 mummies (Ossuary)
  4 gnolls (D:9)
  10 adders
  2 shadow imps (D:6)
  2 oozes (D:3)
  2 adder zombies
  3 adder skeletons
  2 worms
  4 dart slugs
  5 leopard geckos
  30 orcs
  8 giant cockroaches
  10 goblins
  6 hobgoblins
  18 jackals
  5 quokkas
  2 ball pythons
  A ball python skeleton (D:4)
  6 bats
  3 frilled lizards
  A giant cockroach zombie (D:5)
  A hobgoblin zombie (Ossuary)
  A jackal skeleton (D:5)
  10 kobolds
  5 kobold zombies (Ossuary)
  A leopard gecko skeleton (D:7)
  2 orc zombies (Ossuary)
  A quokka skeleton (D:7)
  2 quokka zombies
  6 rats
239 creatures vanquished.

Notes
Turn   | Place    | Note
-------+----------+-------------------------------------------
     0 | D:1      | Leibowitz the Demigod Gladiator began the quest for the Orb.
     0 | D:1      | Reached XP level 1. HP: 17/17 MP: 3/3
    86 | D:1      | Reached XP level 2. HP: 18/24 MP: 4/4
    88 | D:1      | Reached skill level 3 in Polearms
   595 | D:2      | Reached XP level 3. HP: 21/29 MP: 5/5
  1313 | D:2      | Learned a level 1 spell: Corona
  1683 | D:3      | Learned a level 1 spell: Confusing Touch
  1807 | D:3      | Reached XP level 4. HP: 32/36 MP: 6/6
  2032 | D:3      | Reached skill level 4 in Polearms
  2506 | D:3      | Reached skill level 1 in Armour
  2849 | D:4      | Reached skill level 1 in Spellcasting
  2849 | D:4      | Reached XP level 5. HP: 34/41 MP: 7/9
  2889 | D:4      | Reached skill level 1 in Stealth
  2977 | D:4      | Found a sand-covered staircase.
  2982 | Ossuary  | Entered an ossuary
  3402 | Ossuary  | Reached XP level 6. HP: 50/50 MP: 10/10
  3772 | D:4      | Reached skill level 5 in Polearms
  4442 | D:4      | Reached skill level 1 in Hexes
  4624 | D:5      | Entered Level 5 of the Dungeon
  4835 | D:5      | Reached XP level 7. HP: 56/56 MP: 11/11
  5114 | D:5      | Reached skill level 6 in Polearms
  6156 | D:6      | Noticed Prince Ribbit
  6222 | D:6      | Reached XP level 8. HP: 63/63 MP: 13/13
  6259 | D:6      | Found a staircase to the Ecumenical Temple.
  6261 | D:6      | Noticed Grinder
  6268 | D:6      | Paralysed by Grinder for 2 turns
  6300 | D:5      | Killed Grinder
  6300 | D:5      | Reached skill level 7 in Polearms
  6661 | D:6      | Found a blossoming altar of Fedhas.
  6737 | D:6      | Found Xamneragh's Armour Shoppe.
  6746 | D:6      | Bought a +1 pair of boots of flying for 231 gold pieces
  6761 | D:6      | Noticed Menkaure
  6775 | D:6      | Killed Menkaure
  6827 | D:6      | Killed Prince Ribbit
  7205 | D:6      | Got a crude robe
  7216 | D:6      | Identified the cursed +1 robe of Mump {rN+ Int-3 Dex+2} (You found it on level 6 of the Dungeon)
  7261 | D:6      | Found a shadowy altar of Dithmenos.
  7265 | D:6      | Found a stormy altar of Qazlal.
  7621 | D:7      | Reached skill level 8 in Polearms
  7621 | D:7      | Reached XP level 9. HP: 70/71 MP: 15/15
  7910 | D:7      | Reached skill level 5 in Dodging
  8188 | D:7      | Found a white marble altar of Elyvilon.
  8311 | D:7      | Found a blossoming altar of Fedhas.
  8601 | D:8      | Found a staircase to the Lair.
  8681 | D:8      | Reached skill level 9 in Polearms
  8713 | D:8      | Gained mutation: Your body sometimes deteriorates upon taking damage. [potion of mutation]
  8713 | D:8      | Gained mutation: You are weak. (Str -2) [potion of mutation]
  8713 | D:8      | Lost mutation: You are weak. (Str -2) [potion of mutation]
  8757 | D:8      | Reached skill level 5 in Fighting
  8856 | D:8      | Noticed Erica
  8858 | D:8      | Noticed Maurice
  8864 | D:8      | Noticed Joseph
  8881 | D:8      | HP: 4/111 [Joseph/uncursed quarterstaff (9)]
  8885 | D:8      | Killed Joseph
  9885 | D:9      | Reached XP level 10. HP: 70/81 MP: 16/16
 10653 | Lair:1   | Entered Level 1 of the Lair of Beasts
 11010 | Lair:1   | Noticed a six-headed hydra
 11019 | Lair:1   | Reached skill level 10 in Polearms
 11101 | D:7      | Slain by a porcupine

Vault maps used:
D:1:      minmay_arrival_shattered_statue
D:3:      kennysheep_the_goblin_king, first_bread, minmay_misc_feat_roman
D:4:      enter_ossuary_2
D:6:      grunt_temple_overflow_open, basic_altar, serial_shops, shop,
          minmay_misc_feat_more_columns, lemuel_another_geyser,
          uniq_prince_ribbit1, uniq_menkaure, uniq_grinder
D:7:      lemuel_crystal_altar, fedhas_bush_and_centaur_altar
D:8:      lair_0_dummy, uniq_joseph, uniq_maurice, uniq_pikel, uniq_erica
Lair:1:   grunt_megastairs_5
Ossuary:  ossuary_tomb_3

Skill      XL: |  1  2  3  4  5  6  7  8  9 10 |
---------------+-------------------------------+-----
Polearms       | 3 4 5 6 8 9 10 | 10.0
Fighting       | 2 3 4 5 |  5.7
Dodging        | 3 4 5 6 |  6.2
Armour         | 1 2 3 |  3.6
Spellcasting   | 1 |  1.9
Stealth        | 1 2 3 4 |  4.8
Hexes          | 1 2 |  2.5
Throwing       | |  1.8
Unarmed Combat | |  0.6
Evocations     | |  0.5

Action                   |  1- 3 |  4- 6 |  7- 9 | 10-12 || total
-------------------------+-------+-------+-------+-------++-------
Melee: Trident           |   168 |   283 |   560 |   140 ||  1151
       Unarmed           |     2 |    56 |     9 |       ||    67
       Punch             |       |       |     3 |       ||     3
Throw: Throwing net      |       |     1 |       |     1 ||     2
 Cast: Confusing Touch   |     2 |    11 |     5 |       ||    18
       Corona            |     2 |       |     8 |       ||    10
Evoke: Wand              |       |       |     2 |       ||     2
  Use: Scroll            |       |     8 |     6 |       ||    14
       Potion            |       |       |    17 |     4 ||    21
 Stab: Sleeping          |     1 |     1 |     5 |       ||     7
       Confused          |       |    14 |    10 |       ||    24
       Distracted        |       |     1 |       |       ||     1
       Invisible         |       |       |     3 |       ||     3
  Eat: Chunk             |     3 |     9 |    18 |     2 ||    32
       Beef jerky        |       |     1 |       |       ||     1
       Pizza             |       |       |       |     1 ||     1
Armor: Leather armour    |     3 |       |       |       ||     3
       Ring mail         |    51 |    85 |       |       ||   136
       Scale mail        |       |    17 |   104 |       ||   121
       Skin              |       |       |    55 |       ||    55
       Robe              |       |       |    54 |    24 ||    78
Dodge: Dodged            |   110 |   175 |   392 |   158 ||   835
